 Dungeon Crawl Stone Soup version 0.32-a0-411-g744942f433 (webtiles) character file.

Game seed: 1102839713555786421

179 ezpacito the Trooper (level 5, -1/41 HPs)
             Began as a Demonspawn Chaos Knight on Feb 21, 2024.
             Was a Plaything of Xom.
             Slain by a wyvern (16 damage)
             ... on level 4 of the Dungeon.
             The game lasted 00:03:46 (3003 turns).

ezpacito the Trooper (Demonspawn Chaos Knight)      Turns: 3003, Time: 00:03:47

Health: -1/41      AC:  5    Str: 14    XL:     5   Next: 33%
Magic:  6/6        EV: 11    Int: 13    God:    Xom [.*....]
Gold:   186        SH:  0    Dex: 12    Spells: 6/6 levels left

rFire   . . .        a - +0 hand axe (chaos)
rCold   . . .        (no shield)
rNeg    . . .        b - +2 leather armour
rPois   .            (helmet restricted)
rElec   .            (no cloak)
rCorr   .            (no gloves)
SInv    +            (no boots)
Will    +....        (no amulet)
Stlth   +            (no ring)
HPRegen 0.26/turn    (no ring)
MPRegen 0.10/turn

%: no passive effects
@: enlightened, flying, hasted, very quick
A: ignite blood 1, demonic magic 1, demonic touch 2, horns 1, see invisible,
MP-powered wands
a: Renounce Religion


You were on level 4 of the Dungeon.
You worshipped Xom.
You were a plaything of Xom.
You visited 1 branch of the dungeon, and saw 4 of its levels.

You collected 186 gold pieces.

Inventory:

Hand Weapons
 a - a +0 hand axe of chaos (weapon)
Missiles
 o - 11 poisoned darts (quivered)
Armour
 b - a +2 leather armour (worn)
 g - a +0 scale mail
 i - a +0 helmet
Talismans
 e - a blade talisman
 m - a maw talisman
 t - a flux talisman
Wands
 s - a wand of light (4)
Scrolls
 c - a scroll of butterflies
 d - a scroll of enchant weapon
 h - a scroll of blinking
 j - 3 scrolls of teleportation
 k - a scroll of acquirement
Potions
 f - 2 potions of attraction
 l - 2 potions of brilliance
 n - a potion of haste
 p - 2 potions of enlightenment
 q - 2 potions of curing


   Skills:
 * Level 3.5 Fighting
 * Level 3.2 Axes
 * Level 2.5 Armour
 * Level 1.9 Dodging
 + Level 1.0 Stealth
 * Level 1.7 Unarmed Combat
 * Level 1.1 Spellcasting
 + Level 0.4 Shapeshifting


You had 6 spell levels left.
You didn't know any spells.
Your spell library contained the following spells:

 Spells                   Type           Power      Damage    Failure   Level
 Hailstorm                Conj/Ice       0%         3d5       71%         3
 Summon Ice Beast         Ice/Summ       0%         N/A       71%         3
 Sculpt Simulacrum        Ice/Alch       0%         N/A       100%        6


Dungeon Overview and Level Annotations

Branches:
Dungeon (4/15)
 Temple: D:4-7

Altars:
Makhleb
Okawaru
Qazlal
Xom

Shops:
D:4 [


Innate Abilities, Weirdness & Mutations

Your demonic aura sometimes causes spilled blood to erupt in flames.
Spells you cast may paralyse adjacent enemies.
Your touch may inflict irresistible damage on your foes.
You have a pair of small horns on your head.
You have supernaturally acute eyesight. (SInv)
You expend magic power (3 MP) to strengthen your wands.


Message History

No target in view!
No target in view!
No target in view!
No target in view!
No target in view!
Found a flux talisman.
Found a ring mail.
No target in view!
You see here a flux talisman.
t - a flux talisman
There are no items here.
A wyvern comes into view.
The wyvern hisses angrily.
You hear a shout!
A wyvern is nearby!
A wyvern is nearby!
You hit the wyvern but do no damage. "This might be better!"
The wyvern seems to slow down.
The wyvern is no longer moving slowly.
The wyvern bites you!
An orc comes into view. It is wielding a +0 flail.
Okay, then.
It was a potion of enlightenment.
You feel very buoyant.
You fly up into the air.
Xom roars with laughter!
The wyvern bites you but does no damage.
The wyvern bites you!
It was a potion of curing.
You feel better. The wyvern misses you.
It was a potion of mutation.
You feel extremely strange.
You feel your magical essence link to the dungeon's wands.
A pair of horns grows on your head!
Your +0 helmet falls away!
Your vision sharpens.
The wyvern bites you. The wyvern bites you!
You feel yourself speed up. The wyvern misses you.
You completely miss the wyvern. You headbutt the wyvern.
The wyvern is lightly wounded.
The wyvern bites you!
You die...
Xom giggles madly!

## .# .# .# .# .#
##### .# #...# .#
#.#.######
.########.#..#.#@#
......##..#.###.#k..#
..........#..#.####.#
..###.#####.###.# #
..# #.# #..#.## ..#
#.# #[#.## ..# #.#
#.### ..# #.# #.. #.#
#.# ##.


You could see a wyvern.

Vanquished Creatures
  2 adders (D:3)
  3 gnolls (D:3)
  3 dart slugs
  A ribbon worm (D:2)
  3 orcs
  10 endoplasms
  6 giant cockroaches
  9 goblins
  8 hobgoblins
  3 quokkas
  4 ball pythons
  5 bats
  2 frilled lizards
  6 kobolds
  3 rats
68 creatures vanquished.

Notes
Turn   | Place    | Note
-------+----------+-------------------------------------------
     0 | D:1      | ezpacito the Demonspawn Chaos Knight began the quest for
                  | the Orb.
     0 | D:1      | Reached XP level 1. HP: 18/18 MP: 1/1
    22 | D:1      | Reached skill level 1 in Dodging
   212 | D:1      | Gained mutation: Spells you cast may paralyse adjacent
                  | enemies. [demonic ancestry]
   212 | D:1      | Reached XP level 2. HP: 24/24 MP: 2/2
   353 | D:1      | XOM: divination: detect creatures
   915 | D:2      | Gained mutation: Your touch may inflict minor irresistible
                  | damage on your foes. [demonic ancestry]
   915 | D:2      | Reached XP level 3. HP: 29/29 MP: 3/3
   969 | D:2      | Reached skill level 1 in Unarmed Combat
  1092 | D:2      | Found a stormy altar of Qazlal.
  1343 | D:2      | XOM: silly message
  1464 | D:2      | Gained mutation: Your touch may inflict irresistible damage
                  | on your foes. [demonic ancestry]
  1464 | D:2      | Reached XP level 4. HP: 35/35 MP: 4/4
  1885 | D:3      | Reached skill level 1 in Spellcasting
  1990 | D:3      | XOM: silly message
  2174 | D:3      | Gained mutation: Your demonic aura sometimes causes spilled
                  | blood to erupt in flames. [demonic ancestry]
  2174 | D:3      | Reached XP level 5. HP: 39/41 MP: 6/6
  2282 | D:3      | Identified a scroll of acquirement
  2339 | D:3      | XOM: chaos upgrade
  2391 | D:3      | Found an iron altar of Okawaru.
  2478 | D:3      | Found a shimmering altar of Xom.
  2479 | D:3      | Found a burning altar of Makhleb.
  2586 | D:3      | XOM: summons 2 hostile shadow creatures
  2859 | D:4      | Reached skill level 1 in Stealth
  2859 | D:4      | Found Rolurehae's Antique Armour Emporium.
  2997 | D:4      | Noticed a wyvern
  2998 | D:4      | XOM: enchant monster (good)
  3001 | D:4      | Gained mutation: You expend magic power (3 MP) to
                  | strengthen your wands. [potion of mutation]
  3001 | D:4      | Gained mutation: You have a pair of small horns on your
                  | head. [potion of mutation]
  3001 | D:4      | Gained mutation: You have supernaturally acute eyesight.
                  | (SInv) [potion of mutation]
  3003 | D:4      | Slain by a wyvern

Illustrated notes

Levels and vault maps discovered:
D:1:      eino_arrival_cavern_d, layout_basic, dreamdust_wishing_well
D:2:      layout_basic, basic_altar
D:3:      kennysheep_six_static_rooms, layout_loops_ring,
          mainiacjoe_overflow_boulevard,
          mainiacjoe_overflow_concentric_impassable,
          gammafunk_temple_overflow_forgotten
D:4:      layout_loops_ring, serial_shops, shop, minmay_small_thing

Skill      XL: |  1  2  3  4  5 |
---------------+----------------+-----
Dodging        | 1 |  1.9
Armour         | 2 |  2.5
Unarmed Combat | 1 |  1.7
Axes           | 3 |  3.2
Spellcasting   | 1 |  1.1
Stealth        | 1 |  1.0
Fighting       | |  3.5
Shapeshifting  | |  0.4

Action                     |  1- 3 |  4- 6 || total
---------------------------+-------+-------++-------
  Melee: Hand axe          |    72 |    83 ||   155
         Touch             |     8 |    11 ||    19
         Headbutt          |       |     1 ||     1
    Use: Scroll            |     2 |     6 ||     8
         Potion            |       |     4 ||     4
   Stab: Sleeping          |     1 |     3 ||     4
 Armour: Leather armour    |    36 |    57 ||    93
  Dodge: Dodged            |    43 |    40 ||    83

Table legend: (Time is in decaauts)
 A = Elapsed time spent in this place.
 B = Non-inter-level travel time spent in this place.
 C = Inter-level travel time spent in this place.
 D = Time resting spent in this place.
 E = Time spent auto-exploring this place.
 F = Levels seen in this place.
 G = Mean time per level.
                   A        B        C        D        E       F      G
               +--------+--------+--------+--------+--------+-----+--------+
         Total |   3023 |   2819 |    204 |      0 |   2367 |   4 |  755.8 |
       Dungeon |   3023 |   2819 |    204 |      0 |   2367 |   4 |  755.8 |
               +--------+--------+--------+--------+--------+-----+--------+

Top non-repeatable levels by time:
     D:3: 1025 daAuts
     D:1: 907 daAuts
     D:2: 848 daAuts
     D:4: 242 daAuts
